AoeStats
← Mr.Sleeky

Fortress

509887585Analyzed
3v3 RM · 5d ago on Sep 28, 2026· 62m 43s· 6 players
Game mode
Random Map
Map size
Large (8 player)
Population
200
Speed
Normal
Resources
Standard
Victory
Conquest
Starting age
Dark Age
Ending age
Imperial Age
RankedLock teamsTeams togetherTeam positionsShared explorationLock speedFull tech treeHidden civsTurbo modeCheats
Victory
Defeat
🇨🇦 Danes · Canada
1188
+12
🇨🇦 Saracens · Canada
1109
+16
🇨🇦 Shu · Canada
1018
+19
🇹🇼 Danes · Taiwan
1138
-17
🇸🇪 Koreans · Sweden
1113
-16
🇺🇸 Persians · United States
1054
-14
lhermite
7:04 Loom
8:58 Feudal Age
13:34 Castle Age
12:03 Double-Bit Axe
11:59 Horse Collar
15:34 Bow Saw
17:24 Wheelbarrow
22:31 Bloodlines
27:05 Hand Cart
28:37 Husbandry
28:01 Light Cavalry
28:50 Scale Barding Armor
28:56 Forging
38:30 Imperial Age
36:22 Chain Barding Armor
36:38 Iron Casting
40:04 Caravan
39:39 Elite Mameluke
40:56 Plate Barding Armor
41:21 Blast Furnace
39:43 Hussar
50:11 Conscription
50:40 Murder Holes
51:08 Ballistics
51:49 Chemistry
๖ۣۜSup£r Towelie
9:05 Feudal Age
13:36 Castle Age
13:18 Fletching
13:21 Horse Collar
14:21 Crossbowman
14:53 Double-Bit Axe
15:02 Gold Mining
15:14 Bodkin Arrow
16:29 Wheelbarrow
16:12 Bow Saw
19:11 Thumb Ring
23:06 Gold Shaft Mining
33:08 Hand Cart
42:39 Imperial Age
42:45 Arbalester
43:31 Bracer
44:53 Ballistics
45:36 Chemistry
46:55 Two-Man Saw
47:23 Ballistics
60:02 Elite Skirmisher
Mr.Sleeky
8:15 Feudal Age
12:03 Castle Age
10:11 Double-Bit Axe
10:21 Horse Collar
15:52 Loom
18:41 Forging
19:40 Heavy Plow
20:18 Bow Saw
22:41 Scale Mail Armor
27:55 Imperial Age
25:57 Chain Mail Armor
26:28 Gold Mining
27:48 Iron Casting
27:55 Elite Jomsviking
30:11 Blast Furnace
29:55 Capped Ram
31:44 Plate Mail Armor
33:00 Conscription
32:51 Siege Ram
34:55 Hamask
35:52 Onager
37:35 Fletching
38:32 Siege Onager
40:47 Bodkin Arrow
46:20 Pikeman
47:04 Squires
48:02 Gold Shaft Mining
49:51 Northmen's Fury
53:17 Wheelbarrow
andber
7:29 Feudal Age
9:49 Double-Bit Axe
12:59 Castle Age
12:29 Loom
16:28 Town Watch
16:57 Bow Saw
20:40 Fletching
22:25 Bodkin Arrow
22:24 Horse Collar
23:35 Ballistics
28:20 Imperial Age
27:28 Wheelbarrow
27:11 Eupseong
27:17 Heavy Plow
27:31 Gold Mining
28:06 Treadmill Crane
28:37 Masonry
28:34 Husbandry
29:28 Conscription
29:20 Bracer
29:55 Elite War Wagon
32:28 Chemistry
31:24 Murder Holes
32:00 Architecture
33:20 Two-Man Saw
32:14 Stone Mining
34:08 Thumb Ring
34:42 Hand Cart
38:33 Scale Barding Armor
40:13 Forging
42:41 Chain Barding Armor
42:57 Iron Casting
41:46 Light Cavalry
42:31 Hussar
46:07 Fortified Wall
45:43 Arrowslits
46:13 Fortified Wall
46:50 Caravan
49:49 Capped Ram
56:51 Elite Skirmisher
59:38 Siege Engineers
qaz1227
2:15 Loom
7:13 Feudal Age
9:47 Loom
9:57 Double-Bit Axe
12:49 Castle Age
10:42 Horse Collar
11:45 Arson
12:41 Forging
13:46 Squires
13:32 Gambesons
13:51 Scale Mail Armor
14:16 Gambesons
19:34 Bow Saw
20:11 Heavy Plow
25:23 Wheelbarrow
37:29 Hand Cart
37:22 Gold Mining
37:55 Caravan
41:16 Imperial Age
39:24 Coinage
40:26 Gold Shaft Mining
43:36 Conscription
42:38 Onager
42:41 Capped Ram
43:49 Ballistics
44:33 Chemistry
43:18 Arrowslits
43:29 Murder Holes
43:45 Masonry
44:44 Hoardings
45:21 Coinage
44:22 Siege Onager
46:02 Northmen's Fury
46:24 Hamask
47:22 Siege Ram
49:25 Elite Varangian Guard
50:01 Fletching
50:46 Iron Casting
50:27 Chain Mail Armor
50:17 Scale Barding Armor
53:52 Blast Furnace
53:23 Plate Mail Armor
61:28 Town Watch
'HelloWorld'
7:05 Feudal Age
12:09 Castle Age
10:22 Double-Bit Axe
11:53 Horse Collar
14:14 Heavy Plow
14:54 Wheelbarrow
24:19 Imperial Age
22:15 Loom
22:57 Bow Saw
23:03 Kamandaran
23:12 Fletching
22:55 Crossbowman
24:11 Bodkin Arrow
26:23 Two-Man Saw
26:00 Conscription
26:23 Hand Cart
26:11 Padded Archer Armor
27:12 Gold Mining
28:40 Ballistics
29:23 Leather Archer Armor
31:29 Scale Barding Armor
32:04 Forging
34:27 Chain Barding Armor
35:58 Plate Barding Armor
36:22 Iron Casting
36:52 Town Watch
37:57 Elite War Elephant
39:51 Blast Furnace
43:47 Ring Archer Armor
50:07 Chemistry
Connection lost

Rejoining the realm…

Still unreachable

The connection could not be restored.

Session expired

The server has moved on; the page needs a fresh start.